 Dungeon Crawl Stone Soup version 0.28-a0-390-gb254ac4902 (webtiles) character file.

Game seed: 398476827833619286

53 Demosthentine the Poker (level 3, -4/28 HPs)
             Began as a Merfolk Gladiator on Sept 4, 2021.
             Killed from afar by Natasha (9 damage)
             ... with a puff of flame
             ... on level 2 of the Dungeon.
             The game lasted 00:01:08 (1163 turns).

Demosthentine the Poker (Merfolk Gladiator)         Turns: 1163, Time: 00:01:09

Health: -4/28      AC:  4    Str: 15    XL:     3   Next: 87%
Magic:  3/3        EV: 13    Int:  7    God:
Gold:   32         SH:  0    Dex: 15    Spells: 2/2 levels left

rFire   . . .      SeeInvis .   a - +0 trident
rCold   + . .      Faith    .   (no shield)
rNeg    . . .      Spirit   .   b - +0 leather armour
rPois   .          Reflect  .   c - +0 helmet
rElec   .          Harm     .   (no cloak)
rCorr   .          Rampage  .   (no gloves)
Will    .....                   (no boots)
Stlth   +.........              (no amulet)
HPRegen 0.09/turn               i - ring of protection from cold
MPRegen 0.08/turn               (no ring)

@: no status effects
A: (nimble swimmer 2), mertail
a: no special abilities


You were on level 2 of the Dungeon.
You visited 1 branch of the dungeon, and saw 2 of its levels.

You collected 32 gold pieces.

Inventory:

Hand Weapons
 a - a +0 trident (weapon)
Missiles
 d - 3 throwing nets (quivered)
Armour
 b - a +0 leather armour (worn)
 c - a +0 helmet (worn)
Jewellery
 i - a ring of protection from cold (left hand)
Potions
 e - a potion of flight
 f - a potion of mutation {unknown}
 g - 3 potions of curing {unknown}


   Skills:
 + Level 2.8 Fighting
 + Level 5.1 Polearms
 - Level 2.0 Throwing
 + Level 1.0 Armour
 + Level 4.7 Dodging


You had 2 spell levels left.
You didn't know any spells.
Your spell library was empty.

Dungeon Overview and Level Annotations

Branches:
Dungeon (2/15)

Altars:

Shops:
D:1 ([(?(

Annotations:
D:2 Jessica, Natasha


Innate Abilities, Weirdness & Mutations

((You are quick and stealthy near water. (Stealth+, EV+, Speed+++)))
Your lower body shifts to a powerful aquatic tail in water.


Message History

Found a metallic white potion.
The ball python hisses angrily.
There are monsters nearby!
You reach to attack!
You closely miss the frilled lizard.
There are monsters nearby!
You closely miss the frilled lizard.
The frilled lizard bites you but does no damage.
You hit the frilled lizard.
You kill the frilled lizard!
A ball python is nearby!
You hit the ball python.
You kill the ball python!
Things that are here:
a ball python corpse; a frilled lizard corpse No target in view!
Found an escape hatch in the floor.
No target in view!
Key pressed, stopping explore.
No target in view!
No target in view!
You now have 32 gold pieces (gained 6).
g - 3 metallic white potions (gained 1) Natasha, Servant of Life and Death comes into view.
She is carrying a wand of flame (23).
Natasha drinks a potion.
Natasha seems to speed up.
Natasha is nearby!
An adder comes into view.
Found 13 gold pieces.
The adder hisses angrily.
Natasha zaps a wand.
The puff of flame hits you!
Natasha zaps a wand.
The puff of flame hits you.
Jessica the Apprentice Sorceress comes into view.
She is wielding a +0 club.
Found 20 stones.
A jackal comes into view.
Jessica mumbles some strange words.
Jessica blinks!
Natasha zaps a wand.
The puff of flame hits you!
* * * LOW HITPOINT WARNING * * *
Jessica moves out of view.
There are monsters nearby!
Natasha zaps a wand.
The puff of flame hits you!
You die...

########... ....
..........# ....
#####....## h....
......#รท.# ....(#
#####..<.# .$..S.#
###.#..# .....h. #.....##
.......#### ####....##
........@.# #.....###
.......##.####.###.#
............##.....# ###
.......#...........####..
############.......).....
#######....#####......#
#..........# #.####..
...#####.########.# ##.
.######...........# #


You could see Natasha (fast) and an adder.

Vanquished Creatures
  Natasha (D:2)
  A dart slug (D:1)
  2 endoplasms
  A giant cockroach (D:1)
  2 goblins
  A hobgoblin (D:2)
  3 jackals (D:1)
  A quokka (D:1)
  A ball python (D:2)
  2 bats
  8 frilled lizards
  4 kobolds
  A rat (D:2)
28 creatures vanquished.

Notes
Turn   | Place    | Note
-------+----------+-------------------------------------------
     0 | D:1      | Demosthentine the Merfolk Gladiator began the quest for the
                  | Orb.
     0 | D:1      | Reached XP level 1. HP: 16/16 MP: 1/1
    71 | D:1      | Found Hixetreq's Antique Armour Boutique.
   164 | D:1      | Found Hilluipt's Weapon Shoppe.
   179 | D:1      | Reached XP level 2. HP: 21/23 MP: 2/2
   186 | D:1      | Found Yloj's Magic Scroll Emporium.
   342 | D:1      | Found Qoicwuek's Antique Weapon Shoppe.
   394 | D:1      | Found a faded altar of an unknown god.
   395 | D:1      | Found Domast's Antique Weapon Emporium.
   556 | D:2      | Noticed Natasha
   561 | D:2      | Noticed a crimson imp
   678 | D:2      | Noticed a crimson imp
   680 | D:2      | HP: 1/23 [Natasha (8)]
   682 | D:2      | Killed Natasha
   683 | D:2      | Reached skill level 5 in Polearms
   683 | D:2      | Reached skill level 1 in Armour
   683 | D:2      | Reached XP level 3. HP: 2/28 MP: 3/3
  1159 | D:2      | Noticed Natasha
  1162 | D:2      | Noticed Jessica
  1163 | D:2      | Killed from afar by Natasha

Illustrated notes

Levels and vault maps discovered:
D:1:      dpeg_arrival_three_same_balls, layout_rooms,
          ebering_ecumenical_altar_sacrificial, serial_shops, shop, shop,
          nicolae_shop_crystal, shop, nicolae_shop_overgrown_old_shop,
          minivault_4
D:2:      layout_rooms, uniq_crazy_yiuf_cottage, uniq_natasha, uniq_jessica

Skill      XL: |  1  2 |
---------------+-------+-----
Polearms       | 5 |  5.1
Armour         | 1 |  1.0
Fighting       | |  2.8
Throwing       | |  2.0
Dodging        | |  4.7

Action                   || total
-------------------------++-------
Melee: Trident           ||    81
  Use: Scroll            ||     5
 Stab: Sleeping          ||     1
Armor: Leather armour    ||    22
Dodge: Dodged            ||    52

Table legend: (Time is in decaauts)
 A = Elapsed time spent in this place.
 B = Non-inter-level travel time spent in this place.
 C = Inter-level travel time spent in this place.
 D = Time resting spent in this place.
 E = Time spent auto-exploring this place.
 F = Levels seen in this place.
 G = Mean time per level.
                   A        B        C        D        E       F      G
               +--------+--------+--------+--------+--------+-----+--------+
         Total |   1172 |   1172 |      0 |      0 |    962 |   2 |  586.0 |
       Dungeon |   1172 |   1172 |      0 |      0 |    962 |   2 |  586.0 |
               +--------+--------+--------+--------+--------+-----+--------+

Top non-repeatable levels by time:
     D:1: 941 daAuts
     D:2: 230 daAuts
